 Dungeon Crawl Stone Soup version 0.32-a0-39-g5c88369fb2 (webtiles) character file.

Game seed: 3501427532327773569

137 AZSletch the Changeling (level 5, -3/41 HPs)
             Began as a Merfolk Shapeshifter on Feb 3, 2024.
             Was a Follower of the Shining One.
             Slain by Pikel
             ... wielding a +0 whip of freezing
              (4 damage)
             ... on level 4 of the Dungeon.
             The game lasted 00:14:17 (2553 turns).

AZSletch the Changeling (Merfolk Shapeshifter)      Turns: 2553, Time: 00:14:18

Health: -3/41      AC:  2    Str: 16    XL:     5   Next: 20%
Magic:  5/5        EV: 12    Int:  9    God:    the Shining One [*.....]
Gold:   149        SH:  0    Dex: 14    Spells: 4/4 levels left

rFire   . .          .
                       - Unarmed
rCold   . . .        (no shield)
rNeg    . . .        a - +0 animal skin
rPois   .            (helmet currently unavailable)
rElec   .            (cloak currently unavailable)
rCorr   .            (gloves currently unavailable)
SInv    .            (boots currently unavailable)
Will    .....        (no amulet)
Stlth   +            (no ring)
HPRegen 0.26/turn    (no ring)
MPRegen 0.09/turn

%: no passive effects
@: beast-form, glowing
A: beast (slay +3), (nimble swimmer 2), mertail
a: Begin Untransformation, Renounce Religion, Divine Shield


You were on level 4 of the Dungeon.
You worshipped the Shining One.
The Shining One was aware of your devotion.
You were a hulking beast.
You visited 1 branch of the dungeon, and saw 4 of its levels.

You collected 149 gold pieces.

Inventory:

Hand Weapons
 e - a +0 sling
 i - a +0 dagger
 j - a +2 dagger of protection
Missiles
 u - 2 boomerangs (quivered)
Armour
 a - a +0 animal skin (worn)
 l - a +0 cloak
Magical Staves
 g - a staff of cold
Talismans
 c - a beast talisman
 d - a flux talisman
Scrolls
 f - 2 scrolls of enchant weapon {unknown}
 h - a scroll of identify {unknown}
 k - 2 scrolls of vulnerability {unknown}
 m - a scroll of teleportation {unknown}
 o - a scroll of poison {unknown}
 q - a scroll of immolation {unknown}
 r - a scroll of fog {unknown}
 v - a scroll of enchant armour {unknown}
Potions
 b - a potion of lignification
 n - a potion of mutation {unknown}
 p - 4 potions of curing {unknown}
 s - a potion of degeneration {unknown}
 t - a potion of magic {unknown}
 w - 2 potions of heal wounds {unknown}


   Skills:
 + Level 3.1 Fighting
 - Level 2.6 Dodging
 - Level 4.1 Unarmed Combat
 * Level 5.6 Shapeshifting


You had 4 spell levels left.
You didn't know any spells.
Your spell library contained the following spells:

 Spells                   Type           Power      Damage    Failure   Level
 Inner Flame              Hex/Fire       0%         N/A       77%         3
 Tukima's Dance           Hex            0%         N/A       77%         3
 Dimensional Bullseye     Hex/Tloc       0%         N/A       99%         4
 Flame Wave               Conj/Fire      0%         2d4       99%         4
 Iskenderun's Mystic Bla  Conj/Tloc      0%         2d3       99%         4
 Sticky Flame             Fire/Alch      0%         2d4       99%         4


Dungeon Overview and Level Annotations

Branches:
Dungeon (4/15)
 Temple: D:4-7

Altars:
Xom
The Shining One

Shops:
D:2 :

Annotations:
D:4 Pikel


Innate Abilities, Weirdness & Mutations

You are a hulking beast.
Your limbs bulge with bestial killing power. (Slay +3)
((You are very nimble when in or above water. (Stealth+, EV+, Speed+++)))
Your lower body shifts to a powerful aquatic tail in water.


Message History

You see here 2 metallic pink potions.
A lemure comes into view.
Pikel shouts!
The lemure shouts!
You see here 2 metallic pink potions.
w - 2 metallic pink potions
Found an escape hatch in the floor.
There is an escape hatch in the floor here.
Pikel closely misses you.
You hit Pikel.
Pikel is lightly wounded.
Pikel hits you with a +0 whip of freezing.
Pikel freezes you.
You hit Pikel.
Pikel is lightly wounded.
You hit Pikel but do no damage.
Pikel is lightly wounded.
Pikel closely misses you.
You punch Pikel!
Pikel is moderately wounded.
Pikel hits you with a +0 whip of freezing.
Pikel freezes you.
You hit Pikel.
Pikel is moderately wounded.
Pikel hits you with a +0 whip of freezing!
Pikel freezes you.
You hit Pikel.
Pikel is heavily wounded.
The lemure hits you.
* * * LOW HITPOINT WARNING * * *
Pikel says, "You'll make a fine lemure."
Pikel hits you with a +0 whip of freezing!
* * * LOW HITPOINT WARNING * * *
Pikel freezes you.
* * * LOW HITPOINT WARNING * * *
You hit Pikel. You punch Pikel.
Pikel is severely wounded.
The lemure closely misses you.
Pikel hits you with a +0 whip of freezing.
You die...
Pikel says, "See you in Hell!"

...#.## ##..#...........##..# #
.....## #...##..##.......#..##.##
......###..###.##...............#
..##..........................#..
.###..###......#...........##..#
.# #.## ##....####....##..## #..#
.##..# #..#..>####55##...# ...
..... #.. ###55.##.....55## ..
####..#..# #..hK5.....#..###.?.
..# #.####...####....... #.# #..#
##.## #...5.... #..# #.## #...
.......... ####..# #.
#.............. ..#..# .# #.
............... #...# ... ..
..)............. ###.# ....
.............. ###<###...#
.............)


You could see Pikel and 3 lemures.

Vanquished Creatures
  An orc wizard (D:4)
  5 adders
  A dart slug (D:1)
  2 ribbon worms (D:2)
  2 orcs (D:4)
  3 endoplasms
  3 giant cockroaches
  7 goblins
  7 hobgoblins
  4 quokkas (D:2)
  7 ball pythons
  3 bats
  2 frilled lizards
  6 kobolds
  3 rats
56 creatures vanquished.

Notes
Turn   | Place    | Note
-------+----------+-------------------------------------------
     0 | D:1      | AZSletch the Merfolk Shapeshifter began the quest for the
                  | Orb.
     0 | D:1      | Reached XP level 1. HP: 15/15 MP: 1/1
   167 | D:1      | Reached XP level 2. HP: 7/21 MP: 2/2
   486 | D:1      | Found a faded altar of an unknown god.
   493 | D:1      | Prayed at the altar of an unknown god.
   493 | D:1      | Became a worshipper of the Shining One
   493 | D:1      | Reached * piety under the Shining One
   806 | D:2      | Reached XP level 3. HP: 27/27 MP: 3/3
  1091 | D:2      | Reached XP level 4. HP: 34/34 MP: 4/4
  1284 | D:2      | Found Paawkaw's Vocational Training.
  1587 | D:3      | Reached skill level 5 in Shapeshifting
  1891 | D:3      | Found a large runed translucent door.
  1892 | D:3      | Found a large runed translucent door.
  2202 | D:3      | Found a shimmering altar of Xom.
  2350 | D:4      | Noticed a lemure
  2403 | D:4      | Reached XP level 5. HP: 34/41 MP: 5/5
  2407 | D:4      | Noticed an ogre
  2526 | D:4      | Noticed a lemure
  2526 | D:4      | Noticed a lemure
  2526 | D:4      | Noticed Pikel
  2528 | D:4      | Noticed a lemure
  2552 | D:4      | HP: 1/41 [Pikel/+0 whip of freezing (3)]
  2553 | D:4      | Slain by Pikel

Illustrated notes

Levels and vault maps discovered:
D:1:      tarquinn_simple_flora_water_d, layout_basic,
          nicolae_ecumenical_snake_handling
D:2:      layout_basic, grunt_ministairs_6, nicolae_shop_vocational
D:3:      due_chaos_kobolds, layout_rooms, small_statue_intersection,
          wander_ebering_terrifying_dragon_lair
D:4:      layout_layer_cave, uniq_pikel

Skill      XL: |  1  2  3  4 |
---------------+-------------+-----
Fighting       | 2 3 |  3.1
Unarmed Combat | 4 |  4.1
Shapeshifting  | 5 |  5.6
Dodging        | |  2.6

Action                     |  1- 3 |  4- 6 || total
---------------------------+-------+-------++-------
  Melee: Unarmed           |    80 |    69 ||   149
         Punch             |     1 |     3 ||     4
   Stab: Distracted        |     1 |       ||     1
         Sleeping          |     1 |       ||     1
 Armour: Animal skin       |    32 |    32 ||    64
  Dodge: Dodged            |    31 |    32 ||    63

Table legend: (Time is in decaauts)
 A = Elapsed time spent in this place.
 B = Non-inter-level travel time spent in this place.
 C = Inter-level travel time spent in this place.
 D = Time resting spent in this place.
 E = Time spent auto-exploring this place.
 F = Levels seen in this place.
 G = Mean time per level.
                   A        B        C        D        E       F      G
               +--------+--------+--------+--------+--------+-----+--------+
         Total |   2541 |   2338 |    203 |    129 |   1338 |   4 |  635.2 |
       Dungeon |   2541 |   2338 |    203 |    129 |   1338 |   4 |  635.2 |
               +--------+--------+--------+--------+--------+-----+--------+

Top non-repeatable levels by time:
     D:1: 796 daAuts
     D:2: 777 daAuts
     D:3: 766 daAuts
     D:4: 200 daAuts
